 Dungeon Crawl Stone Soup version 0.28-a0-821-g923ab73998 (webtiles) character file.

Game seed: 597708743179279822

6287 BinkBink the Grappler (level 10, -7/96 HPs)
             Began as a Troll Earth Elementalist on Nov 9, 2021.
             Was an Initiate of Sif Muna.
             Mangled by a hornet (9 damage)
             ... on level 9 of the Dungeon.
             The game lasted 00:35:13 (8259 turns).

BinkBink the Grappler (Troll Earth Elementalist)    Turns: 8259, Time: 00:35:18

Health: -7/96      AC: 11    Str: 26    XL:     10   Next: 63%
Magic:  15/15      EV:  9    Int: 16    God:    Sif Muna [......]
Gold:   484        SH:  0    Dex: 10    Spells: 14/18 levels left

rFire   + . .      SeeInvis .     - Unarmed
rCold   . . .      Faith    .   (no shield)
rNeg    . . .      Spirit   .   D - +0 steam dragon scales
rPois   .          Reflect  .   k - +2 hat
rElec   .          Harm     .   G - scarf {repulsion}
rCorr   .          Rampage  .   (gloves unavailable)
Will    .....                   (boots unavailable)
Stlth   +.........              n - amulet of magic regeneration
HPRegen 1.26/turn               C - +6 ring of strength
MPRegen 0.39/turn               z - ring of Kuleed {Wiz rF+ Str+2 Int+2}

@: brilliant, lethally poisoned (-7 -> -7), slowed, repel missiles, very slow
A: large, unfitting armour, claws 3, regeneration 1, shaggy fur 1, tough skin 1,
talons 1, iridescent scales 1
a: Renounce Religion


You were on level 9 of the Dungeon.
You worshipped Sif Muna.
Sif Muna was noncommittal.
You visited 2 branches of the dungeon, and saw 10 of its levels.

You collected 484 gold pieces.

Inventory:

Hand Weapons
 K - the +3 flail "BinkBink's Death" {vorpal, Int+4}
   (You found it on level 9 of the Dungeon)

   It inflicts extra damage upon your enemies.
   Int:       It affects your intelligence (+4).
Missiles
 c - 73 stones
 L - 3 throwing nets
Armour
 b - a +0 robe
 k - a +2 hat (worn)
 v - a +0 pair of boots
 D - +0 steam dragon scales (worn)
 F - +0 acid dragon scales
 G - a scarf of repulsion (worn)
 I - a +0 troll leather armour
Magical Staves
 E - a staff of death
 J - a staff of conjuration
Jewellery
 l - a ring of protection from cold
 n - an amulet of magic regeneration (around neck)
 w - an amulet of regeneration
 z - the ring of Kuleed (right claw) {Wiz rF+ Str+2 Int+2}
   (You found it on level 5 of the Dungeon)

   [ring of wizardry]

   It improves your spell success rate.
   Str:       It affects your strength (+2).
   Int:       It affects your intelligence (+2).
   rF:        It protects you from fire.
 C - a +6 ring of strength (left claw)
 H - a ring of protection from fire
Wands
 s - a wand of paralysis (20)
 A - a wand of polymorph (8)
Scrolls
 e - 4 scrolls of vulnerability {unknown}
 f - a scroll of fog
 h - a scroll of magic mapping {unknown}
 o - 2 scrolls of summoning {unknown}
 p - 3 scrolls of immolation
 q - 2 scrolls of amnesia
 r - 6 scrolls of identify
 t - a scroll of enchant weapon {unknown}
 u - a scroll of torment {unknown}
 x - a scroll of holy word {unknown}
 y - a scroll of acquirement {unknown}
Potions
 a - a potion of curing
 d - a potion of degeneration {unknown}
 g - a potion of flight {unknown}
 i - a potion of heal wounds {unknown}
 m - a potion of ambrosia


   Skills:
 * Level 5.0 Fighting
 - Level 1.5 Dodging
 - Level 1.0 Stealth
 * Level 9.5 Unarmed Combat
 + Level 4.6 Spellcasting
 * Level 3.1 Conjurations
 * Level 3.2 Transmutations
 + Level 6.7 Earth Magic


You had 14 spell levels left.
You knew the following spells:

 Your Spells              Type           Power      Damage    Failure   Level
a - Sandblast             Erth           74%        2d16      1%          1
b - Stone Arrow           Conj/Erth      58%        3d10      2%          3

Your spell library contained the following spells:

 Spells                   Type           Power      Damage    Failure   Level
 Passwall                 Tmut/Erth      24%        N/A       1%          2
 Petrify                  Tmut/Erth      29%        N/A       9%          4
 Blink                    Tloc           10%        N/A       10%         2
 Lesser Beckoning         Tloc           5%         N/A       19%         3
 Ozocubu's Armour         Ice            5%         N/A       19%         3
 Manifold Assault         Tloc           5%         N/A       85%         5
 Ozocubu's Refrigeration  Ice            2%         4d5       100%        7


Dungeon Overview and Level Annotations

Branches:
Dungeon (9/15)             Temple (1/1) D:6             Orc (0/2) D:9
   Lair: D:8-11

Altars:
Ashenzari
Cheibriados
Dithmenos
Elyvilon
Fedhas
Gozag
Hepliaklqana
Kikubaaqudgha
Makhleb
Nemelex Xobeh
Okawaru
Qazlal
Ru
Sif Muna
Trog
Uskayaw
Vehumet
Wu Jian
Xom
Yredelemnul
Zin
The Shining One

Shops:
D:1 [   D:9 [

Annotations:
D:9 1 runed translucent door, juzbaz's ghost, novice GnCA


Innate Abilities, Weirdness & Mutations

You are too large for most types of armour.
You have claws for hands.
Your natural rate of healing is unusually fast.
You are covered in fur. (AC +1)
You have tough skin. (AC +1)
You have sharp toenails.
You are partially covered in iridescent scales. (AC +2)


Message History

You feel extremely sick. The hornet barely misses you.
The hornet completely misses you.
You feel extremely sick.
The hornet stings you but does no damage.
You feel very sick. The hornet barely misses you.
You feel very sick. The hornet stings you.
* * * LOW HITPOINT WARNING * * *
You feel as though you will be slow longer.
The hornet stings you.
* * * LOW HITPOINT WARNING * * *
You are more poisoned.
You feel as though you will be slow longer.
You feel better. The hornet stings you!
* * * LOW HITPOINT WARNING * * *
You are poisoned.
You feel as though you will be slow longer.
The hornet stings you.
* * * LOW HITPOINT WARNING * * *
You feel as though you will be slow longer.
As you read the scroll labelled HAFUASCH VAQANE, it crumbles to dust.
The creatures around you are filled with an inner flame!
It was a scroll of immolation.
You feel very sick. The hornet closely misses you.
The hornet barely misses you.
It was a potion of brilliance.
You feel clever all of a sudden.
You feel very sick.
The hornet stings you but does no damage.
The hornet stings you.
* * * LOW HITPOINT WARNING * * *
You feel as though you will be slow longer.
It was a potion of mutation.
You feel extremely strange.
Your toenails lengthen and sharpen.
Iridescent scales grow over part of your body.
You feel sick.
The hornet stings you but does no damage.
The hornet stings you!
You die...

########## ##§§§§§§..##
#####§@y#####..#
##...##§##...##.####
#.8.8.#.#.8.8.#..#.##
#.._..#§#.._..#.....#
#.8...#.#...8.#..#..#
#...'#.#'...##.##.##
##.#####...#####..####
#........⌠........#.#
#..#####...#####....######


You could see a hornet (inner flame).

Vanquished Creatures
  Harold (D:9)
  A two-headed ogre (D:8)
  Pikel (D:5)
  Maggie (D:7)
  A troll (D:9)
  2 hornets
  Grum (D:9)
  A steam dragon (D:6)
  3 water moccasins (D:5)
  4 orc warriors
  An ice beast (D:5)
  2 black bears (D:9)
  2 wolves (D:9)
  A sky beast (D:7)
  5 ogres
  5 centaurs
  3 lemures (D:5)
  2 wyvern zombies (D:9)
  A kobold brigand (D:8)
  A bullfrog (D:6)
  2 scorpions
  A wyvern skeleton (D:5)
  2 water moccasin skeletons
  3 killer bees (D:8)
  4 wights (D:8)
  3 howler monkeys
  A bullfrog zombie (D:6)
  A centaur zombie (D:7)
  3 hounds
  3 orc priests (D:8)
  A bullfrog skeleton (D:3)
  A centaur skeleton (D:7)
  5 iguanas
  Ijyb (D:5)
  Terence (D:2)
  6 orc wizards
  A howler monkey zombie (D:9)
  7 adders
  2 white imps
  An ufetubus (D:6)
  2 worms
  A dart slug (D:4)
  23 orcs
  3 bats
  An endoplasm (D:2)
  A giant cockroach (D:2)
  8 hobgoblins
  5 jackals
  8 kobolds
  3 quokkas
  3 ball pythons
  4 frilled lizards
  3 goblins (D:2)
  3 rats (D:3)
156 creatures vanquished.

Vanquished Creatures (others)
  A bush (D:9)
  A fungus (D:9)
  13 plants
15 creatures vanquished.

Grand Total: 171 creatures vanquished

Notes
Turn   | Place    | Note
-------+----------+-------------------------------------------
     0 | D:1      | BinkBink the Troll Earth Elementalist began the quest for
                  | the Orb.
     0 | D:1      | Reached XP level 1. HP: 16/16 MP: 1/1
   414 | D:1      | Found Wihiruxo's Armour Boutique.
   626 | D:2      | Reached XP level 2. HP: 24/24 MP: 1/3
   705 | D:2      | Reached skill level 1 in Unarmed Combat
   807 | D:2      | Reached XP level 3. HP: 32/32 MP: 4/4
   935 | D:2      | Noticed Terence
  1002 | D:2      | Killed Terence
  1112 | D:2      | Reached skill level 1 in Fighting
  1117 | D:2      | Reached XP level 4. HP: 34/41 MP: 5/5
  1482 | D:3      | Reached skill level 2 in Unarmed Combat
  2265 | D:4      | Found an iron altar of Okawaru.
  2300 | D:4      | Reached XP level 5. HP: 48/48 MP: 6/6
  2337 | D:4      | Reached skill level 3 in Unarmed Combat
  2550 | D:4      | Noticed an ogre
  2574 | D:4      | Killed an ogre
  2575 | D:4      | Reached XP level 6. HP: 53/57 MP: 6/8
  2982 | D:5      | Entered Level 5 of the Dungeon
  3004 | D:5      | Identified the ring of Kuleed {Wiz rF+ Str+2 Int+2}
  3062 | D:5      | Reached skill level 4 in Unarmed Combat
  3157 | D:5      | Noticed a water moccasin
  3181 | D:5      | Killed a water moccasin
  3182 | D:5      | Reached XP level 7. HP: 22/65 MP: 9/9
  3495 | D:5      | Reached skill level 5 in Unarmed Combat
  3624 | D:5      | Found a burning altar of Makhleb.
  3654 | D:5      | Reached skill level 5 in Earth Magic
  3654 | D:5      | Reached XP level 8. HP: 74/74 MP: 11/11
  3762 | D:5      | Noticed Ijyb
  3852 | D:5      | Killed Ijyb
  3875 | D:5      | Found a glowing golden altar of the Shining One.
  3875 | D:5      | Found a snail-covered altar of Cheibriados.
  3886 | D:5      | Noticed a hornet
  4385 | D:5      | Learned a level 3 spell: Stone Arrow
  4493 | D:5      | Killed a hornet
  4494 | D:5      | Reached skill level 6 in Unarmed Combat
  4494 | D:5      | Reached skill level 1 in Transmutations
  4741 | D:6      | Noticed Pikel
  4800 | D:5      | Killed Pikel
  4801 | D:5      | Reached skill level 1 in Conjurations
  4801 | D:5      | Reached XP level 9. HP: 78/84 MP: 13/13
  5111 | D:6      | Found a staircase to the Ecumenical Temple.
  5130 | Temple   | Entered the Ecumenical Temple
  5410 | D:6      | Found a broken altar of Ashenzari.
  5448 | D:6      | Found a faded altar of an unknown god.
  5448 | D:6      | Found a faded altar of an unknown god.
  5448 | D:6      | Found a hazy altar of Hepliaklqana.
  5457 | D:6      | Found a faded altar of an unknown god.
  5522 | D:6      | Reached skill level 7 in Unarmed Combat
  6048 | D:7      | Found a sacrificial altar of Ru.
  6123 | D:7      | Noticed Maggie
  6181 | D:7      | Killed Maggie
  6982 | D:8      | Reached skill level 8 in Unarmed Combat
  7065 | D:8      | Reached XP level 10. HP: 87/94 MP: 15/15
  7244 | D:8      | Found a shimmering blue altar of Sif Muna.
  7253 | D:8      | Became a worshipper of Sif Muna the Loreminder
  7534 | D:9      | Found a runed translucent door.
  7535 | D:9      | Noticed juzbaz's ghost (novice GnCA)
  7537 | D:9      | Identified the +11 spear "Karor" {freeze, rN+ Str+2 Int-3}
  7736 | D:9      | Noticed Harold
  7744 | D:9      | Noticed a two-headed ogre
  7747 | D:9      | Noticed Grum
  7761 | D:9      | Killed Harold
  7762 | D:9      | Reached skill level 9 in Unarmed Combat
  7800 | D:8      | Killed a two-headed ogre
  7945 | D:9      | Found a staircase to the Orcish Mines.
  7985 | D:9      | Found a bloodstained altar of Trog.
  7987 | D:9      | Found Ruahuwn's Antique Armour Emporium.
  8035 | D:9      | Killed Grum
  8083 | D:9      | Identified the +3 flail "BinkBink's Death" {vorpal, Int+4}
  8139 | D:9      | Reached skill level 5 in Fighting
  8218 | D:9      | Found a white marble altar of Elyvilon.
  8221 | D:9      | Found an ancient bone altar of Kikubaaqudgha.
  8224 | D:9      | Found a stormy altar of Qazlal.
  8227 | D:9      | Found a shimmering altar of Xom.
  8247 | D:9      | Paralysed by a hornet for 3 turns
  8258 | D:9      | HP: 2/96 [hornet (5)]
  8259 | D:9      | Gained mutation: You have sharp toenails. [potion of
                  | mutation]
  8259 | D:9      | Gained mutation: You are partially covered in iridescent
                  | scales. (AC +2) [potion of mutation]
  8259 | D:9      | Mangled by a hornet

Illustrated notes

Levels and vault maps discovered:
D:1:      dpeg_arrival_windows_large_door, layout_basic, serial_shops,
          nicolae_lakefront_shop, minivault_4
D:2:      layout_loops_ring, uniq_terence
D:3:      layout_basic, amcnicky_mini_corridor_feature, st_stairs_2,
          kennysheep_cross_bottleneck, minivault_4
D:4:      layout_basic, okawaru_metal_pillars_1_2
D:5:      kennysheep_spiral_hall, layout_basic,
          mainiacjoe_overflow_cross_hatched,
          mainiacjoe_overflow_large_starburst, grunt_ministairs_7,
          minmay_misc_feat_iff, minmay_door_square, minmay_curled_crystal,
          st_stairs_4, uniq_ijyb
D:6:      layout_loops_ring, nicolae_hepliaklqana_ecumenical_no_more,
          lemuel_tele_altar, minmay_temple_entry_nine_rooms, uniq_pikel
D:7:      layout_basic, mainiacjoe_overflow_boulevard, uniq_maggie
D:8:      layout_basic, mainiacjoe_overflow_small_starburst,
          minmay_misc_feat_doors
D:9:      wander_river, layout_cave_pools, grunt_temple_overflow_cloverleaf,
          trog_ov_bears_minmay, ebering_ghost_funeral_grove, serial_shops,
          shop_statue, grunt_ministairs_6, uniq_grum, uniq_harold
Temple:   jpeg_temple_island

Skill      XL: |  1  2  3  4  5  6  7  8  9 10 |
---------------+-------------------------------+-----
Earth Magic    | 3 4 5 6 |  6.7
Unarmed Combat | 1 2 3 4 5 6 8 9 |  9.5
Fighting       | 1 2 3 4 5 |  5.0
Spellcasting   | 2 3 4 |  4.6
Transmutations | 1 2 3 |  3.2
Conjurations   | 1 2 3 |  3.1
Dodging        | |  1.5
Stealth        | |  1.0

Action                   |  1- 3 |  4- 6 |  7- 9 | 10-12 || total
-------------------------+-------+-------+-------+-------++-------
Melee: Unarmed           |    95 |    89 |   240 |    91 ||   515
       Punch             |       |     2 |     8 |     6 ||    16
 Cast: Sandblast         |     3 |    47 |    92 |     4 ||   146
       Stone Arrow       |       |       |    16 |    11 ||    27
  Use: Potion            |       |     2 |     4 |     3 ||     9
       Scroll            |       |       |     7 |     4 ||    11
 Stab: Sleeping          |     2 |     1 |       |       ||     3
Armor: Robe              |    28 |    31 |    80 |       ||   139
       Skin              |       |     2 |     8 |       ||    10
       Steam dragon scal |       |       |    38 |    46 ||    84
Dodge: Dodged            |    39 |    51 |   127 |    59 ||   276
       Repelled          |       |       |       |     1 ||     1

Table legend: (Time is in decaauts)
 A = Elapsed time spent in this place.
 B = Non-inter-level travel time spent in this place.
 C = Inter-level travel time spent in this place.
 D = Time resting spent in this place.
 E = Time spent auto-exploring this place.
 F = Levels seen in this place.
 G = Mean time per level.
                   A        B        C        D        E       F      G
               +--------+--------+--------+--------+--------+-----+--------+
         Total |   8265 |   7849 |    416 |      0 |   5520 |  10 |  826.5 |
       Dungeon |   7972 |   7565 |    407 |      0 |   5241 |   9 |  885.8 |
        Temple |    293 |    284 |      9 |      0 |    278 |   1 |  293.0 |
               +--------+--------+--------+--------+--------+-----+--------+

Top non-repeatable levels by time:
     D:5: 1752 daAuts
     D:6: 977 daAuts
     D:8: 864 daAuts
     D:3: 851 daAuts
     D:4: 802 daAuts
     D:7: 796 daAuts
     D:2: 701 daAuts
     D:1: 621 daAuts
     D:9: 606 daAuts
  Temple: 293 daAuts
